 Dungeon Crawl Stone Soup version 0.28-a0-906-g0406aca7d3 (webtiles) character file.

Game seed: 4528341066762448506

519 lunkers the Cutter (level 7, 0/90 HPs)
             Began as a Gnoll Cinder Acolyte on Nov 24, 2021.
             Was a High Priest of Ignis.
             Succumbed to a scorpion's poison
             ... on level 4 of the Dungeon.
             The game lasted 00:04:33 (5172 turns).

lunkers the Cutter (Gnoll Cinder Acolyte)           Turns: 5172, Time: 00:04:33

Health: 0/90       AC: 23    Str: 12 (13) XL:     7   Next: 21%
Magic:  12/12      EV:  2    Int: 14 (16) God:    Ignis [*****.]
Gold:   176        SH:  3    Dex:  5 (7)  Spells: 11/13 levels left

rFire   + + +      SeeInvis .   m - +0 short sword (venom)
rCold   + + .      Faith    .   h - +0 buckler
rNeg    . . .      Spirit   .   (armour currently unavailable)
rPois   +          Reflect  .   (helmet currently unavailable)
rElec   +          Harm     .   (cloak currently unavailable)
rCorr   +          Rampage  .   (gloves currently unavailable)
Will    .....      Clarity  +   (boots currently unavailable)
Stlth   +......... NoTele   +   (no amulet)
HPRegen 0.25/turn               e - ring of protection from cold
MPRegen 0.13/turn               s - ring of protection from fire

@: mighty, brilliant, lethally poisoned (0 -> -2), tree-form, resistant, hasted,
studying Shields, invisible, very quick
A: stationary, stasis, torment immunity, boosted hp, (fangs 1), strong nose,
distributed training, (large bone plates 1), clarity
a: Renounce Religion, Sea of Fire, Foxfire Swarm, Rising Flame


You were on level 4 of the Dungeon.
You worshipped Ignis.
Ignis was extremely pleased with you.
You were a tree.
You visited 1 branch of the dungeon, and saw 5 of its levels.

You collected 176 gold pieces.

Inventory:

Hand Weapons
 a - a -1 short sword of flaming
 m - a +0 short sword of venom (weapon)
Armour
 b - a +0 robe (melded)
 h - a +0 buckler (worn)
Jewellery
 e - a ring of protection from cold (left branch)
 s - a ring of protection from fire (right branch)
Wands
 j - a wand of polymorph (11)
Scrolls
 c - a scroll of teleportation {unknown}
 o - a scroll of immolation {unknown}
Potions
 l - a potion of cancellation
 p - a potion of resistance


   Skills:
 + Level 7.0 Fighting
 + Level 7.0 Short Blades
 + Level 2.3 Long Blades
 + Level 2.3 Axes
 + Level 2.3 Maces & Flails
 + Level 2.3 Polearms
 + Level 2.3 Staves
 + Level 2.3 Slings
 + Level 2.3 Bows
 + Level 2.3 Crossbows
 + Level 2.3 Throwing
 + Level 2.3 Armour
 + Level 2.3 Dodging
 + Level 2.3 Stealth
 + Level 2.7 Shields
 + Level 2.3 Unarmed Combat
 + Level 3.7 Spellcasting
 + Level 1.9 Conjurations
 + Level 1.9 Hexes
 + Level 1.9 Summonings
 + Level 1.9 Necromancy
 + Level 1.9 Translocations
 + Level 1.9 Transmutations
 + Level 5.8 Fire Magic
 + Level 1.9 Ice Magic
 + Level 1.9 Air Magic
 + Level 1.9 Earth Magic
 + Level 1.9 Poison Magic
 + Level 2.6 Invocations
 + Level 2.3 Evocations


You had 11 spell levels left.
You knew the following spells:

 Your Spells              Type           Power      Damage    Failure   Level
p - Scorch                Fire           56%        2d8       3%          2

Your spell library contained the following spells:

 Spells                   Type           Power      Damage    Failure   Level


Dungeon Overview and Level Annotations

Branches:
Dungeon (5/15)
 Temple: D:4-7

Altars:
Hepliaklqana
Kikubaaqudgha
Xom

Annotations:
D:4 2 runed translucent doors


Innate Abilities, Weirdness & Mutations

You are a tree.
Your roots penetrate the ground, keeping you stationary.
You cannot be teleported.
You are immune to unholy pain and torment.
Your maximum health is greatly increased.
Your equipment is partially melded.
((You have very sharp teeth.))
Your uncanny sense of smell can sniff out nearby items.
Your experience applies equally to all skills.
((You are partially covered in large bone plates. (SH +4)))
You possess an exceptional clarity of mind.


Message History

You feel very sick.
It was a potion of cancellation.
You feel magically purged.
* * * LOW HITPOINT WARNING * * *
You feel very sick.
It was a potion of resistance.
You feel protected.
* * * LOW HITPOINT WARNING * * *
You feel very sick.
It was a potion of brilliance.
You feel clever all of a sudden.
* * * LOW HITPOINT WARNING * * *
You feel very sick.
It was a potion of mutation.
You feel extremely strange.
Large bone plates grow over parts of your arms.
Your thoughts seem clearer.
* * * LOW HITPOINT WARNING * * *
You feel sick.
It was a potion of magic.
Magic courses through your body.
* * * LOW HITPOINT WARNING * * *
You feel sick.
It was a potion of degeneration.
There was something very wrong with that liquid.
You feel weakened.
You feel dopey.
You feel clumsy.
* * * LOW HITPOINT WARNING * * *
You feel sick.
It was a potion of haste.
You feel yourself speed up.
* * * LOW HITPOINT WARNING * * *
You feel sick.
It was a potion of might.
You feel very mighty all of a sudden.
* * * LOW HITPOINT WARNING * * *
You feel sick.
It was a potion of invisibility.
You fade into invisibility!
Unknown command.
It was a potion of lignification.
You turn into a tree.
Your +0 robe melds into your body.
Your roots penetrate the ground.
* * * LOW HITPOINT WARNING * * *
You feel sick.
You die...

.##.........##.........##
.#####....#......##.##..##
.# ##...#..##.##...##..#
.# #.#....#..#...#.#..# .#
#......#....#.#....#
.#######........#.#...#..#
.##.........##..##.))##..#
###.#.....#.##...##.##...#
....#...#.#.##..♣........#
..............>.#.###.#.##
###..<#.#####.#...# #...#
##.##......<###.# #.###
#..........# ### #.#
#########..# #.# #++#
###.# #KK# #<#.# #..#
#.#.#


There were no monsters in sight!

Vanquished Creatures
  An ice beast (D:5)
  2 centaurs (D:4)
  A scorpion (D:4)
  2 hounds
  A hound skeleton (D:4)
  5 adders
  An adder skeleton (D:4)
  A worm (D:2)
  4 dart slugs
  3 bats
  11 endoplasms
  3 giant cockroaches
  5 goblins
  9 hobgoblins
  4 jackals (D:2)
  A quokka (D:3)
  10 ball pythons
  10 frilled lizards
  11 kobolds
  5 rats
90 creatures vanquished.

Notes
Turn   | Place    | Note
-------+----------+-------------------------------------------
     0 | D:1      | lunkers the Gnoll Cinder Acolyte began the quest for the
                  | Orb.
     0 | D:1      | Reached XP level 1. HP: 23/23 MP: 4/4
   232 | D:1      | Reached XP level 2. HP: 28/29 MP: 5/5
   235 | D:1      | Learned a level 2 spell: Scorch
   381 | D:1      | Noticed a floating eye
   384 | D:1      | Noticed a great orb of eyes
   386 | D:1      | Found a faded altar of an unknown god.
   388 | D:1      | Noticed a floating eye
   397 | D:1      | Noticed a shining eye
   814 | D:1      | Reached XP level 3. HP: 35/35 MP: 7/7
  1345 | D:2      | Reached skill level 1 in Invocations
  1773 | D:2      | Reached skill level 1 in Long Blades
  1773 | D:2      | Reached skill level 1 in Axes
  1773 | D:2      | Reached skill level 1 in Maces & Flails
  1773 | D:2      | Reached skill level 1 in Polearms
  1773 | D:2      | Reached skill level 1 in Staves
  1773 | D:2      | Reached skill level 1 in Slings
  1773 | D:2      | Reached skill level 1 in Bows
  1773 | D:2      | Reached skill level 1 in Crossbows
  1773 | D:2      | Reached skill level 1 in Throwing
  1773 | D:2      | Reached skill level 1 in Armour
  1773 | D:2      | Reached skill level 1 in Dodging
  1773 | D:2      | Reached skill level 1 in Stealth
  1773 | D:2      | Reached skill level 1 in Shields
  1773 | D:2      | Reached skill level 1 in Unarmed Combat
  1773 | D:2      | Reached skill level 1 in Evocations
  1918 | D:2      | Reached XP level 4. HP: 39/41 MP: 1/8
  2853 | D:2      | Reached skill level 1 in Conjurations
  2853 | D:2      | Reached skill level 1 in Hexes
  2853 | D:2      | Reached skill level 1 in Summonings
  2853 | D:2      | Reached skill level 1 in Necromancy
  2853 | D:2      | Reached skill level 1 in Translocations
  2853 | D:2      | Reached skill level 1 in Transmutations
  2853 | D:2      | Reached skill level 1 in Ice Magic
  2853 | D:2      | Reached skill level 1 in Air Magic
  2853 | D:2      | Reached skill level 1 in Earth Magic
  2853 | D:2      | Reached skill level 1 in Poison Magic
  3296 | D:3      | Reached XP level 5. HP: 34/47 MP: 6/9
  3844 | D:3      | Found an ancient bone altar of Kikubaaqudgha.
  4255 | D:4      | Found a large runed translucent door.
  4285 | D:4      | Found a large runed translucent door.
  4285 | D:4      | Found a shimmering altar of Xom.
  4342 | D:4      | Noticed a centaur
  4342 | D:4      | Noticed a centaur
  4348 | D:4      | Killed a centaur
  4349 | D:4      | Reached XP level 6. HP: 28/53 MP: 5/11
  4718 | D:4      | Found a hazy altar of Hepliaklqana.
  5146 | D:5      | Entered Level 5 of the Dungeon
  5146 | D:5      | Noticed an ice beast
  5148 | D:5      | Noticed a yak
  5151 | D:5      | Killed an ice beast
  5151 | D:5      | Noticed a yak
  5152 | D:5      | Reached XP level 7. HP: 50/59 MP: 3/12
  5165 | D:4      | Gained mutation: You are partially covered in large bone
                  | plates. (SH +4) [potion of mutation]
  5165 | D:4      | Gained mutation: You possess an exceptional clarity of
                  | mind. [potion of mutation]
  5166 | D:4      | HP: 3/60 [poisoned by a scorpion]
  5169 | D:4      | HP: 1/60 [poisoned by a scorpion]
  5172 | D:4      | Succumbed to a scorpion's poison

Illustrated notes

Levels and vault maps discovered:
D:1:      dpeg_arrival_central, layout_basic,
          hellmonk_ecumenical_altar_watching_god
D:2:      minmay_razor_zed, layout_basic, kennysheep_generic_room_2
D:3:      layout_loops_corners, mainiacjoe_overflow_24_doors
D:4:      due_chaos_kobolds, layout_basic, mainiacjoe_overflow_alcove_1,
          minmay_manual_mares
D:5:      layout_rooms, tgw_sif, nicolae_qazlal_style_of_elements,
          cheibrodos_worm_habitat, minivault_24, minmay_misc_feat_plants,
          uniq_ijyb, uniq_grinder, uniq_menkaure, uniq_prince_ribbit1

Skill      XL: |  1  2  3  4  5  6  7 |
---------------+----------------------+-----
Invocations    | 1 2 |  2.6
Long Blades    | 1 2 |  2.3
Axes           | 1 2 |  2.3
Maces & Flails | 1 2 |  2.3
Polearms       | 1 2 |  2.3
Staves         | 1 2 |  2.3
Slings         | 1 2 |  2.3
Bows           | 1 2 |  2.3
Crossbows      | 1 2 |  2.3
Throwing       | 1 2 |  2.3
Armour         | 1 2 |  2.3
Dodging        | 1 2 |  2.3
Stealth        | 1 2 |  2.3
Shields        | 1 2 |  2.7
Unarmed Combat | 1 2 |  2.3
Evocations     | 1 2 |  2.3
Spellcasting   | 3 |  3.7
Conjurations   | 1 |  1.9
Hexes          | 1 |  1.9
Summonings     | 1 |  1.9
Necromancy     | 1 |  1.9
Translocations | 1 |  1.9
Transmutations | 1 |  1.9
Ice Magic      | 1 |  1.9
Air Magic      | 1 |  1.9
Earth Magic    | 1 |  1.9
Poison Magic   | 1 |  1.9
Fighting       | 7 |  7.0
Short Blades   | 7 |  7.0
Fire Magic     | |  5.8

Action                   |  1- 3 |  4- 6 |  7- 9 || total
-------------------------+-------+-------+-------++-------
Melee: Short sword       |    76 |   145 |     3 ||   224
       Bite              |     3 |     6 |     1 ||    10
 Cast: Scorch            |    19 |    14 |     1 ||    34
  Use: Scroll            |       |     3 |       ||     3
       Potion            |       |       |    10 ||    10
 Stab: Sleeping          |       |     1 |       ||     1
Armor: Robe              |     6 |    14 |       ||    20
Dodge: Dodged            |    37 |    80 |     1 ||   118
Block: Buckler           |       |    15 |       ||    15

Table legend: (Time is in decaauts)
 A = Elapsed time spent in this place.
 B = Non-inter-level travel time spent in this place.
 C = Inter-level travel time spent in this place.
 D = Time resting spent in this place.
 E = Time spent auto-exploring this place.
 F = Levels seen in this place.
 G = Mean time per level.
                   A        B        C        D        E       F      G
               +--------+--------+--------+--------+--------+-----+--------+
         Total |   5126 |   5034 |     92 |      0 |   4466 |   5 | 1025.2 |
       Dungeon |   5126 |   5034 |     92 |      0 |   4466 |   5 | 1025.2 |
               +--------+--------+--------+--------+--------+-----+--------+

Top non-repeatable levels by time:
     D:2: 1877 daAuts
     D:1: 1312 daAuts
     D:3: 1030 daAuts
     D:4: 898 daAuts
     D:5: 8 daAuts
